 Dungeon Crawl Stone Soup version 0.22.1-2-g9c5b331383 (webtiles) character file.

116169 roosipov the Peltast (level 16, 0/146 HPs)
             Began as a Minotaur Fighter on Dec 6, 2018.
             Was the Champion of the Shining One.
             Slain by a six-headed hydra (5 damage)
             ... on level 4 of the Swamp on Dec 7, 2018.
             The game lasted 01:51:30 (25282 turns).

roosipov the Peltast (Minotaur Fighter)            Turns: 25282, Time: 01:51:33

Health: 0/146      AC: 34    Str: 29    XL:     16   Next: 20%
Magic:  18/18      EV: 11    Int:  5    God:    the Shining One [******]
Gold:   1038       SH: 21    Dex: 16    Spells: 15/15 levels left

rFire    + + .     SeeInvis +   J - +2 scimitar (freeze)
rCold    + . .     Gourm    .   h - +0 shield "Nappoof" {-Tele Regen+ Str+3}
rNeg     + + +     Faith    .   c - +8 plate armour {rF+}
rPois    +         Spirit   .   G - +2 hat {MR+}
rElec    .         Reflect  +   g - +0 cloak
rCorr    .         Harm     .   U - +4 pair of gloves of Rirokk {rF+}
MR       ++...     NoTele   +   O - +0 pair of boots
Stlth    ..........             o - +4 amulet of reflection
HPRegen  0.74/turn              B - ring of protection from cold
MPRegen  0.16/turn              W - +2 ring of slaying

@: glowing
A: retaliatory headbutt, horns 2, see invisible, agile 2, blink, low mp 2,
poison resistance
a: Blink, Divine Shield, Cleansing Flame, Summon Divine Warrior, Brand Weapon
With Holy Wrath, Renounce Religion


You were on level 4 of the Swamp.
You worshipped the Shining One.
The Shining One was exalted by your worship.
You were not hungry.

You visited 4 branches of the dungeon, and saw 24 of its levels.
You also visited: Bailey and Ice Cave.

You collected 2300 gold pieces.
You spent 1262 gold pieces at shops.

Inventory:

Hand Weapons
 J - a +2 scimitar of freezing (weapon)
Missiles
 v - 3 javelins of returning (quivered)
Armour
 c - a +8 plate armour of fire resistance (worn)
 g - a +0 cloak (worn)
 h - the +0 shield "Nappoof" (worn) {-Tele Regen+ Str+3}
   (You bought it in a shop on level 8 of the Dungeon)

   It affects your strength (+3).
   It prevents most forms of teleportation.
   It increases your rate of regeneration.
 r - a scarf of cloud immunity
 G - a +2 hat of magic resistance (worn)
 O - a +0 pair of boots (worn)
 U - the +4 pair of gloves of Rirokk (worn) {rF+}
   (You found it on level 2 of the Lair of Beasts)

   It protects you from fire.
Jewellery
 o - a +4 amulet of reflection (around neck)
 y - a cursed -2 ring of evasion {unknown}
 B - a ring of protection from cold (left hand)
 S - an uncursed amulet of guardian spirit
 W - a +2 ring of slaying (right hand)
Wands
 e - a wand of acid (25)
 k - a wand of iceblast (7)
 m - a wand of polymorph (18)
 A - a wand of scattershot (13)
 D - a wand of enslavement (47)
 H - a wand of paralysis (12)
 M - a wand of disintegration (23)
Scrolls
 a - a scroll of immolation
 b - 11 scrolls of enchant weapon
 j - 11 scrolls of fear
 l - 2 scrolls of blinking
 n - 3 scrolls of fog
 s - 14 scrolls of remove curse
 w - 4 scrolls of amnesia
 x - 11 scrolls of identify
 z - 6 scrolls of teleportation
 N - 2 scrolls of magic mapping
 P - a scroll of vulnerability
Potions
 d - 4 potions of might
 i - 10 potions of curing
 p - 4 potions of resistance
 q - 7 potions of lignification
 t - a potion of cancellation
 E - a potion of berserk rage {unknown}
 I - 5 potions of agility
 L - 3 potions of brilliance
 X - 4 potions of invisibility
 Y - a potion of heal wounds
Miscellaneous
 C - a lightning rod (4/4)
 F - a lamp of fire
Comestibles
 f - 48 rations


   Skills:
 + Level 14.2 Fighting
 + Level 16.7 Long Blades
 + Level 13.4 Armour
 + Level 4.4 Dodging
 - Level 0.3 Stealth
 + Level 19.3 Shields
 + Level 1.2 Unarmed Combat
 + Level 11.2 Invocations
 * Level 5.8 Evocations


You had 15 spell levels left.
You didn't know any spells.
Your spell library contained the following spells:

 Spells                   Type           Power        Failure   Level  Hunger
 Apportation              Tloc           #.....       97%         1    ##.....
 Confusing Touch          Hex            #.....       97%         1    ##.....
 Corona                   Hex            #......      97%         1    ##.....
 Magic Dart               Conj           #...         97%         1    ##.....
 Summon Butterflies       Summ           #.......     97%         1    ##.....
 Summon Small Mammal      Summ           #...         97%         1    ##.....
 Blink                    Tloc           N/A          99%         2    ###....
 Call Imp                 Summ           #.......     99%         2    ###....
 Ensorcelled Hibernation  Hex/Ice        #.....       99%         2    ###....
 Shroud of Golubria       Chrm/Tloc      #.........   99%         2    ###....
 Slow                     Hex            #.......     99%         2    ###....
 Call Canine Familiar     Summ           #.......     100%        3    ####...
 Confuse                  Hex            #.......     100%        3    ####...
 Conjure Flame            Conj/Fire      #.......     100%        3    ####...
 Dazzling Spray           Conj/Hex       #.....       100%        3    ####...
 Gell's Gravitas          Tloc           #.........   100%        3    ####...
 Inner Flame              Hex/Fire       #.......     100%        3    ####...
 Lesser Beckoning         Tloc           #.........   100%        3    ####...
 Mephitic Cloud           Conj/Pois/Air  #.......     100%        3    ####...
 Portal Projectile        Hex/Tloc       #.....       100%        3    ####...
 Summon Guardian Golem    Hex/Summ       #.......     100%        3    ####...
 Teleport Other           Tloc           #.......     100%        3    ####...
 Tukima's Dance           Hex            #.......     100%        3    ####...
 Cause Fear               Hex            #.........   100%        4    #####..
 Leda's Liquefaction      Hex/Erth       #.........   100%        4    #####..
 Passage of Golubria      Tloc           N/A          100%        4    #####..
 Petrify                  Tmut/Erth      #.......     100%        4    #####..
 Summon Ice Beast         Ice/Summ       #.......     100%        4    #####..
 Summon Lightning Spire   Summ/Air       #.......     100%        4    #####..
 Alistair's Intoxication  Tmut/Pois      #.......     100%        5    ######.
 Bolt of Magma            Conj/Fire/Erth #.........   100%        5    ######.
 Iskenderun's Battlesphe  Conj/Chrm      #.......     100%        5    ######.
 Metabolic Englaciation   Hex/Ice        #.........   100%        5    ######.
 Summon Mana Viper        Hex/Summ       #.......     100%        5    ######.
 Venom Bolt               Conj/Pois      #.........   100%        5    ######.
 Yara's Violent Unravell  Hex/Tmut       #.........   100%        5    ######.
 Invisibility             Hex            #.......     100%        6    #######
 Iron Shot                Conj/Erth      #.........   100%        6    #######
 Orb of Destruction       Conj           #.........   100%        7    #######
 Spellforged Servitor     Conj/Summ      #.........   100%        7    #######
 Summon Hydra             Summ           #.........   100%        7    #######


Dungeon Overview and Level Annotations

Branches:
Dungeon (13/15)            Temple (1/1) D:6            Lair (6/6) D:11
  Swamp (4/4) Lair:4       Spider (0/4) Lair:4        Slime (0/5) Lair:6
    Orc (0/2) D:12         Vaults (0/5) D:13

Altars:
Ashenzari
Cheibriados
Dithmenos
Elyvilon
Fedhas
Gozag
Hepliaklqana
Kikubaaqudgha
Makhleb
Nemelex Xobeh
Okawaru
Qazlal
Ru
Sif Muna
Trog
Uskayaw
Vehumet
Wu Jian
Xom
Yredelemnul
Zin
The Shining One

Shops:
D:5 }   D:6 [   D:8 (([%   D:10 :   D:13 (

Annotations:
D:6 exclusion: oklob plant
Lair:6 exclusion: oklob plant


Innate Abilities, Weirdness & Mutations

You reflexively headbutt those who attack you in melee.
You have a pair of horns on your head.
You have supernaturally acute eyesight. (SInv)
You are very agile. (Dex +4)
You can translocate small distances at will.
Your magical capacity is very low. (-20% MP)
Your system is resistant to poisons. (rPois)


Message History

The seven-headed hydra bites you but does no damage.
You block the seven-headed hydra's attack. x2
The seven-headed hydra misses you.
The seven-headed hydra closely misses you.
The seven-headed hydra bites you.
* * * LOW HITPOINT WARNING * * *
You feel better.
The seven-headed hydra bites you but does no damage. x2
You block the seven-headed hydra's attack.
The seven-headed hydra bites you but does no damage. x2
The seven-headed hydra barely misses you.
You block the seven-headed hydra's attack.
The six-headed hydra bites you!
* * * LOW HITPOINT WARNING * * *
The six-headed hydra bites you but does no damage.
The six-headed hydra bites you!
* * * LOW HITPOINT WARNING * * *
The six-headed hydra bites you but does no damage. x2
The six-headed hydra bites you.
You die...

≈.≈≈.≈≈≈≈♣♣♣.≈≈≈.♣
♣♣≈≈≈.≈≈♣♣♣≈≈≈≈..♣♣
♣.§≈≈≈♣♣♣ ♣.≈≈≈≈..♣
♣≈≈≈≈♣♣ ♣≈.<.§≈.♣
≈.≈...♣ ♣♣♣♣♣≈§.♣
≈♣♣ ≈.♣♣♣♣♣
♣♣≈♣...♣ ≈.♣ ≈≈ ≈.♣
♣♣....♣♣♣ ♣♣♣
.≈♣♣≈≈ .§≈.♣
♣≈≈≈≈†♣♣
♣≈♣♣.....♣♣ ≈≈≈≈≈..
♣.≈≈≈≈@♣
♣..≈≈.?≈≈.♣
≈≈≈≈≈≈!. ♣♣♣.≈DD♣
♣♣.≈≈..≈≈≈≈
≈≈≈≈≈≈.♣
♣♣≈≈≈♣♣♣§§.≈≈.≈.♣
≈≈≈≈≈.♣♣
♣♣♣♣D♣♣♣DD≈§≈§.♣♣
.≈≈≈§.♣
♣≈.♣(≈D.§≈≈...♣♣♣
.≈≈≈...
♣.k..♣§D§§≈≈.♣.≈♣♣
♣.≈.♣##♣♣≈§≈....≈≈♣
♣≈≈≈♣# #♣♣.≈≈♣≈≈≈≈
♣..♣ #♣..♣§§§≈


You could see a seven-headed hydra, a six-headed hydra, a swamp dragon and a
swamp drake.

Vanquished Creatures
  Kirke (Swamp:3)
  A thorn hunter (Swamp:4)
  The ghost of krautrogue the Severer, a journeyman MiBe of Trog (Lair:6)
  A very ugly thing (Swamp:1)
  An ettin (D:13)
  Snorg (D:12)
  The ghost of Todghulog the Envoy of Void, a journeyman CeAK of Lugonu (Lair:2)
  Josephine (D:13)
  2 ice dragons
  A ghost crab (Swamp:1)
  16 hydras
  4 two-headed ogres
  15 alligators
  Erica (D:8)
  Urug (Lair:1)
  An iron troll (D:13)
  2 spriggan druids
  3 unseen horrors
  3 shambling mangroves
  10 swamp dragons
  A lindwurm (Lair:5)
  An orc knight (Bailey)
  2 necromancers
  A shining eye (shapeshifter) (D:13)
  5 ugly things (D:11)
  The ghost of DildoBatman the Stinger, a novice FoWz of Sif Muna (D:7)
  A manticore (D:13)
  2 cyclopes
  14 elephants
  2 ice statues (IceCv)
  Psyche (D:9)
  2 black mambas
  15 spiny frogs
  A gargoyle (D:12)
  7 rime drakes
  6 ice devils (IceCv)
  3 komodo dragons
  The ghost of aaaaaaaaaaaaaaaaaa the Cudgeler, an amateur TrFi (D:4)
  12 polar bears
  10 hornets
  A troll (D:11)
  3 jumping spiders (Lair:4)
  10 tyrant leeches
  A raiju (Lair:6)
  18 slime creatures
  18 blink frogs
  7 bog bodies
  A dream sheep (Lair:6)
  8 hippogriffs
  The ghost of Cykl0x the Shield-Bearer, an amateur GrFi (D:3)
  Sigmund (D:3)
  A meliai zombie (D:12)
  2 shadows
  A redback (shapeshifter) (D:13)
  A redback (Lair:4)
  47 yaks
  11 spriggans
  A human (D:9)
  7 wraiths
  3 basilisks
  2 wyverns
  20 vampire mosquitoes
  A steam dragon (D:9)
  3 hogs (D:9)
  A hungry ghost (D:8)
  13 swamp worms
  6 wargs
  14 hell hounds (Lair:6)
  5 insubstantial wisps (Swamp:4)
  An acid dragon (D:11)
  5 water moccasins
  4 porcupines
  9 swamp drakes
  10 orc warriors
  13 black bears
  3 ice beasts
  4 sky beasts
  3 phantoms
  A boggart (Lair:6)
  A necrophage (D:5)
  3 centaurs
  7 ogres
  33 wolves
  5 big kobolds
  16 crocodiles
  13 bullfrogs
  2 scorpions
  A wyvern skeleton (D:11)
  A water moccasin skeleton (D:8)
  6 killer bees (D:7)
  9 wights
  An electric eel (Lair:4)
  8 crimson imps
  2 centaur zombies
  A quasit (D:13)
  3 bullfrog zombies
  4 jellies
  5 orc priests
  A draconian simulacrum (IceCv)
  4 hounds
  Jessica (D:3)
  A bullfrog skeleton (D:10)
  4 centaur skeletons
  3 iguanas
  9 orc wizards
  A spriggan simulacrum (IceCv)
  3 troll simulacra (IceCv)
  13 worker ants
  A hound skeleton (D:4)
  Robin (D:2)
  15 adders
  8 gnolls (D:5)
  3 naga simulacra (IceCv)
  2 ogre simulacra (IceCv)
  2 shadow imps
  2 oozes
  A worm (D:2)
  2 dart slugs (D:1)
  4 leopard geckos
  41 orcs
  7 bats
  4 giant cockroaches
  16 goblins
  10 hobgoblins
  6 jackals
  4 quokkas
  3 ball pythons
  7 frilled lizards
  19 kobolds
  A leopard gecko skeleton (D:6)
  A quokka zombie (D:6)
  8 rats
  A spectral orc (D:9)
  6 briar patches (Swamp:4)
752 creatures vanquished.

Vanquished Creatures (others)
  A spriggan (Swamp:2)
  4 humans (Swamp:3)
  4 orc warriors (Bailey)
  3 centaurs
  8 orcs (Bailey)
  11 fungi
  28 plants
59 creatures vanquished.

Grand Total: 811 creatures vanquished

Notes
Turn   | Place    | Note
-------+----------+-------------------------------------------
     0 | D:1      | roosipov the Minotaur Fighter began the quest for the Orb.
     0 | D:1      | Reached XP level 1. HP: 19/19 MP: 0/0
    39 | D:1      | Reached XP level 2. HP: 27/27 MP: 1/1
   447 | D:1      | Reached skill level 4 in Shields
   447 | D:1      | Reached XP level 3. HP: 33/33 MP: 2/2
   538 | D:1      | Reached skill level 1 in Dodging
   853 | D:2      | Reached XP level 4. HP: 40/40 MP: 3/3
   864 | D:2      | Noticed Robin
   886 | D:2      | Killed Robin
  1137 | D:2      | Reached XP level 5. HP: 47/47 MP: 4/4
  1240 | D:2      | Found a glowing golden altar of the Shining One.
  1243 | D:2      | Became a worshipper of the Shining One
  1350 | D:3      | Noticed Sigmund
  1410 | D:3      | HP: 2/47 [Sigmund/scythe of protection (6)]
  1411 | D:3      | Killed Sigmund
  1411 | D:3      | Reached skill level 5 in Shields
  1411 | D:3      | Reached skill level 1 in Unarmed Combat
  1411 | D:3      | Reached XP level 6. HP: 3/53 MP: 5/5
  1779 | D:3      | Found a runed gate.
  1780 | D:3      | Found a runed gate.
  1780 | D:3      | Found a runed gate.
  1786 | D:3      | Noticed Cykl0x's ghost (amateur GrFi)
  1901 | D:3      | Reached skill level 5 in Armour
  2323 | D:3      | Noticed Jessica
  2325 | D:3      | Killed Jessica
  2404 | D:3      | Reached skill level 1 in Invocations
  2404 | D:3      | Reached XP level 7. HP: 60/60 MP: 6/6
  2407 | D:3      | Killed Cykl0x's ghost
  2407 | D:3      | Reached skill level 5 in Fighting
  2407 | D:3      | Reached skill level 5 in Long Blades
  2921 | D:4      | Reached skill level 6 in Shields
  2934 | D:4      | Found a runed gate.
  2934 | D:4      | Found a runed gate.
  2934 | D:4      | Found a runed gate.
  2934 | D:4      | Noticed aaaaaaaaaaaaaaaaaa's ghost (amateur TrFi)
  2934 | D:4      | Reached * piety under the Shining One
  3353 | D:4      | Killed aaaaaaaaaaaaaaaaaa's ghost
  3353 | D:4      | Reached XP level 8. HP: 67/69 MP: 7/9
  3382 | D:5      | Entered Level 5 of the Dungeon
  3462 | D:5      | Found a white marble altar of Elyvilon.
  3551 | D:5      | Found a stormy altar of Qazlal.
  3556 | D:5      | Found a sparkling altar of Nemelex Xobeh.
  3609 | D:5      | Found an iron altar of Okawaru.
  3766 | D:5      | Found Yrghoghusi's Gadget Emporium.
  3788 | D:5      | Gained mutation: Your system is resistant to poisons.
                  | (rPois) [potion of mutation]
  3788 | D:5      | Gained mutation: You occasionally shout uncontrollably at
                  | your foes. [potion of mutation]
  3788 | D:5      | Gained mutation: You are dopey. (Int -2) [potion of
                  | mutation]
  3788 | D:5      | Gained mutation: You have supernaturally acute eyesight.
                  | (SInv) [potion of mutation]
  3869 | D:5      | Found a radiant altar of Vehumet.
  4352 | D:6      | Found a staircase to the Ecumenical Temple.
  4396 | Temple   | Entered the Ecumenical Temple
  4779 | D:6      | Found Cedoes's Armour Boutique.
  4787 | D:6      | Bought a +0 pair of gloves of dexterity for 161 gold pieces
  4847 | D:6      | Found a blossoming altar of Fedhas.
  4868 | D:6      | Noticed an oklob plant
  4986 | D:6      | Found a shimmering altar of Xom.
  5436 | D:7      | Reached XP level 9. HP: 43/74 MP: 11/11
  5718 | D:7      | Reached skill level 7 in Shields
  5794 | D:7      | Found a snail-covered altar of Cheibriados.
  5859 | D:7      | Reached ** piety under the Shining One
  6089 | D:7      | Found a large runed door.
  6089 | D:7      | Found a large runed door.
  6091 | D:7      | Noticed DildoBatman's ghost (novice FoWz)
  6145 | D:7      | Reached skill level 5 in Invocations
  6266 | D:7      | Killed DildoBatman's ghost
  6266 | D:7      | Reached skill level 8 in Shields
  6553 | D:8      | Found Fuwnime's Food Emporium.
  6651 | D:6      | Bought a +1 shield of fire resistance for 231 gold pieces
  6803 | D:8      | Found Eprelaz's Armour Shop.
  6804 | D:8      | Noticed Erica
  6804 | D:8      | Reached *** piety under the Shining One
  6825 | D:8      | Killed Erica
  6825 | D:8      | Reached skill level 10 in Long Blades
  6825 | D:8      | Reached XP level 10. HP: 68/85 MP: 13/13
  6980 | D:8      | Found Urhoukh's Antique Weapon Shoppe.
  6985 | D:8      | Found Egim's Antique Weapon Boutique.
  7198 | D:9      | Noticed a necromancer
  7209 | D:9      | Killed a necromancer
  7244 | D:9      | Noticed a cyclops
  7247 | D:9      | Killed a cyclops
  7363 | D:9      | Lost mutation: You are dopey. (Int -2) [potion of mutation]
  7363 | D:9      | Lost mutation: You occasionally shout uncontrollably at
                  | your foes. [potion of mutation]
  7363 | D:9      | Gained mutation: You are agile. (Dex +2) [potion of
                  | mutation]
  7363 | D:9      | Gained mutation: Your magical capacity is low. (-10% MP)
                  | [potion of mutation]
  7363 | D:9      | Gained mutation: You are very agile. (Dex +4) [potion of
                  | mutation]
  7363 | D:9      | Gained mutation: You can translocate small distances at
                  | will. [potion of mutation]
  7397 | D:9      | Reached skill level 9 in Shields
  7732 | D:9      | Reached XP level 11. HP: 83/93 MP: 13/13
  7892 | D:9      | Found a basalt altar of Yredelemnul.
  7923 | D:9      | Noticed Psyche
  7928 | D:9      | Killed Psyche
  8016 | D:10     | Entered Level 10 of the Dungeon
  8098 | D:10     | Noticed a two-headed ogre
  8110 | D:10     | Killed a two-headed ogre
  8122 | D:10     | Found Cylif's Book Boutique.
  8133 | D:10     | Noticed an unseen horror
  8139 | D:10     | Killed an unseen horror
  8140 | D:10     | Reached **** piety under the Shining One
  9119 | D:11     | Noticed a red ugly thing
  9131 | D:11     | Killed a red ugly thing
  9143 | D:11     | Noticed a brown ugly thing
  9149 | D:11     | Killed a brown ugly thing
  9224 | D:11     | Reached skill level 10 in Shields
  9390 | D:11     | Noticed a cyan ugly thing
  9401 | D:11     | Killed a cyan ugly thing
  9620 | D:11     | Found a staircase to the Lair.
  9666 | D:11     | Noticed a brown ugly thing
  9671 | D:11     | Killed a brown ugly thing
  9809 | D:11     | Noticed a white ugly thing
  9825 | D:11     | Killed a white ugly thing
 10148 | D:12     | Noticed a two-headed ogre
 10157 | D:12     | Killed a two-headed ogre
 10193 | D:11     | Reached skill level 10 in Armour
 10451 | D:12     | Reached XP level 12. HP: 87/104 MP: 15/15
 10687 | D:12     | Noticed Snorg
 10694 | D:12     | Killed Snorg
 10699 | D:12     | Reached ***** piety under the Shining One
 10800 | D:12     | Noticed a two-headed ogre
 10808 | D:12     | Killed a two-headed ogre
 10809 | D:12     | Found a staircase to the Orcish Mines.
 11023 | D:12     | Noticed a two-headed ogre
 11030 | D:12     | Killed a two-headed ogre
 11030 | D:12     | Reached skill level 11 in Shields
 11513 | D:13     | Reached skill level 10 in Fighting
 11629 | D:13     | Noticed Josephine
 11646 | D:13     | Killed Josephine
 11766 | D:13     | Gained mutation: Your magical capacity is very low. (-20%
                  | MP) [a shining eye]
 11801 | D:13     | Found a flagged portal.
 11810 | Bailey   | Entered a bailey
 12123 | Bailey   | Reached skill level 12 in Shields
 12432 | D:13     | Noticed an ice dragon
 12450 | D:13     | Killed an ice dragon
 12450 | D:13     | Reached XP level 13. HP: 27/114 MP: 15/15
 12978 | D:13     | Noticed an ettin
 12986 | D:13     | Killed an ettin
 13159 | D:13     | Found a gate to the Vaults.
 13226 | D:13     | Found Ogotum's Weapon Boutique.
 13274 | Lair:1   | Entered Level 1 of the Lair of Beasts
 13452 | Lair:1   | Reached skill level 13 in Shields
 13715 | Lair:1   | Noticed Urug
 13731 | Lair:1   | Killed Urug
 14002 | Lair:1   | Reached skill level 10 in Invocations
 14328 | Lair:2   | Reached skill level 14 in Shields
 14411 | Lair:2   | Found a runed door.
 14416 | Lair:2   | Noticed Todghulog's ghost (journeyman CeAK)
 14477 | Lair:2   | Reached skill level 15 in Long Blades
 14633 | Lair:2   | Got a pair of ancient gloves
 15315 | Lair:2   | Killed Todghulog's ghost
 15622 | Lair:2   | Identified the +4 pair of gloves of Rirokk {rF+} (You found
                  | it on level 2 of the Lair of Beasts)
 15825 | Lair:3   | Reached skill level 15 in Shields
 16333 | Lair:3   | Identified a scroll of acquirement
 16794 | Lair:4   | Found a hole to the Spider Nest.
 16922 | Lair:4   | Reached XP level 14. HP: 112/124 MP: 16/16
 17571 | Lair:4   | Found a staircase to the Swamp.
 17692 | Lair:4   | Reached skill level 16 in Shields
 18124 | Lair:5   | Found a frozen archway.
 18193 | IceCv    | Entered an ice cave
 18242 | IceCv    | Reached ****** piety under the Shining One
 19626 | Lair:6   | Entered Level 6 of the Lair of Beasts
 19840 | Lair:6   | Reached skill level 1 in Evocations
 20632 | Lair:5   | Reached skill level 17 in Shields
 20718 | Lair:6   | Found a runed door.
 20748 | Lair:6   | Noticed krautrogue's ghost (journeyman MiBe)
 21273 | Lair:6   | Reached XP level 15. HP: 134/134 MP: 17/17
 21391 | Lair:6   | Found a staircase to the Slime Pits.
 21786 | Lair:6   | Killed krautrogue's ghost
 21946 | Swamp:1  | Entered Level 1 of the Swamp
 22085 | Swamp:1  | Reached skill level 18 in Shields
 23044 | D:8      | Bought a +4 plate armour of fire resistance for 700 gold
                  | pieces
 23059 | D:8      | Bought the +0 shield "Nappoof" {-Tele Regen+ Str+3} for 170
                  | gold pieces
 24326 | Swamp:3  | Noticed Kirke
 24339 | Swamp:3  | Killed Kirke
 24460 | Swamp:3  | Reached skill level 5 in Evocations
 24470 | Swamp:3  | Reached skill level 19 in Shields
 24891 | Swamp:4  | Entered Level 4 of the Swamp
 24891 | Swamp:4  | Noticed a thorn hunter
 24909 | Swamp:4  | Killed a thorn hunter
 25075 | Swamp:4  | Reached XP level 16. HP: 103/146 MP: 18/18
 25282 | Swamp:4  | HP: 5/146 [six-headed hydra (7)]
 25282 | Swamp:4  | Slain by a six-headed hydra

Skill      XL: |  1  2  3  4  5  6  7  8  9 10 11 12 13 14 15 |
---------------+----------------------------------------------+-----
Fighting       | 4 5 7 9 10 11 12 14 | 14.2
Armour         | 4 5 6 7 9 10 11 12 13 | 13.4
Shields        | 4 5 6 8 9 10 12 15 17 19 | 19.3
Long Blades    | 3 4 6 8 10 11 13 14 15 16 | 16.7
Dodging        | 1 2 3 4 |  4.4
Unarmed Combat | 1 |  1.2
Invocations    | 1 3 4 6 7 8 9 10 11 | 11.2
Evocations     | 2 5 |  5.8
Stealth        | |  0.3

Action                   |  1- 3 |  4- 6 |  7- 9 | 10-12 | 13-15 | 16-18 || total
-------------------------+-------+-------+-------+-------+-------+-------++-------
Melee: Long sword        |    82 |   135 |   342 |     3 |       |       ||   562
       Headbutt          |    10 |    19 |    71 |   174 |   423 |    32 ||   729
       Unarmed           |       |    16 |       |       |       |       ||    16
       Scimitar          |       |       |       |   543 |  1385 |    82 ||  2010
Invok: Cleansing Flame   |       |       |       |       |     2 |       ||     2
Evoke: Lamp of fire      |       |       |       |       |     1 |       ||     1
  Use: Scroll            |       |     8 |    10 |       |    19 |       ||    37
       Potion            |       |     1 |     1 |     3 |     2 |     1 ||     8
  Eat: Chunk             |       |     5 |    12 |    15 |    35 |     1 ||    68
       Ration            |       |       |     1 |     1 |     2 |       ||     4
Armor: Scale mail        |    41 |    44 |       |       |       |       ||    85
       Skin              |       |     2 |       |       |       |       ||     2
       Plate armour      |       |     9 |   135 |   105 |   610 |    91 ||   950
Dodge: Dodged            |    23 |    56 |    58 |    60 |   370 |    37 ||   604
Block: Shield            |    45 |    60 |   194 |   342 |  1262 |   102 ||  2005
       Reflection        |       |       |       |    67 |    17 |     3 ||    87
       Rpst.: Long sword |    10 |     5 |    18 |       |       |       ||    33
       Scimitar          |       |       |       |     9 |    70 |     2 ||    81
